 Dungeon Crawl Stone Soup version 0.28-b1-25-g9875b3fc8c (webtiles) character file.

Game seed: 14923109129511460493

58 Lathuz the Covered (level 4, 0/28 HPs)
             Began as a Gargoyle Fighter on Feb 3, 2022.
             Slain by a quasit (1 damage)
             ... on level 3 of the Dungeon.
             The game lasted 00:08:23 (2372 turns).

Lathuz the Covered (Gargoyle Fighter)               Turns: 2372, Time: 00:08:23

Health: 0/28       AC: 11    Str: 21      XL:     4   Next: 2%
Magic:  4/4        EV:  9    Int:  9      God:
Gold:   67         SH:  4    Dex:  8 (9)  Spells: 3/3 levels left

rFire   . . .      SeeInvis .   a - +0 flail
rCold   . . .      Faith    .   c - +0 buckler
rNeg    + . .      Spirit   .   b - +0 scale mail
rPois   ∞          Reflect  .   e - +0 helmet
rElec   +          Harm     .   (no cloak)
rCorr   .          Rampage  .   (no gloves)
Will    .....                   (no boots)
Stlth   ..........              (no amulet)
HPRegen 0.09/turn               (no ring)
MPRegen 0.09/turn               (no ring)

@: no status effects
A: sickness immunity, AC +3, negative energy resistance 1, electricity
resistance, torment resistance 1, petrification resistance
a: no special abilities


You were on level 3 of the Dungeon.
You visited 1 branch of the dungeon, and saw 3 of its levels.

You collected 67 gold pieces.

Inventory:

Hand Weapons
 a - a +0 flail (weapon)
Missiles
 s - 101 stones (quivered)
Armour
 b - a +0 scale mail (worn)
 c - a +0 buckler (worn)
 e - a +0 helmet (worn)
Scrolls
 f - 2 scrolls of identify {unknown}
 h - 3 scrolls of blinking {unknown}
 j - a scroll of fear {unknown}
Potions
 d - a potion of curing {unknown}
 g - a potion of mutation {unknown}
 i - a potion of haste {unknown}
 M - a potion of might


   Skills:
 + Level 3.5 Fighting
 * Level 2.8 Maces & Flails
 * Level 3.9 Armour
 * Level 3.9 Shields


You had 3 spell levels left.
You didn't know any spells.
Your spell library contained the following spells:

 Spells                   Type           Power      Damage    Failure   Level
 Frozen Ramparts          Ice            0%         1d2       99%         3
 Tukima's Dance           Hex            0%         N/A       99%         3
 Ice Form                 Ice/Tmut       0%         N/A       100%        4
 Passage of Golubria      Tloc           0%         N/A       100%        4
 Summon Ice Beast         Ice/Summ       0%         N/A       100%        4
 Yara's Violent Unravell  Hex/Tmut       0%         3d3       100%        5


Dungeon Overview and Level Annotations

Branches:
Dungeon (3/15)

Altars:

Shops:
D:1 =

Annotations:
D:3 NoScrollMutBadDesign's ghost, amateur GrFi


Innate Abilities, Weirdness & Mutations

You are immune to sickness and miasma.
Your stone body is resilient. (AC +3)
You are immune to poison.
You resist negative energy. (rN+)
You are resistant to electric shocks. (rElec)
You are resistant to unholy torment.
You are immune to petrification.


Message History

Press: ? - help, Q - select action Shift-Dir - straight line, f - you Really target yourself?
Okay, then.
Throw: 101 stones
Press: ? - help, Q - select action Shift-Dir - straight line, f - you
Okay, then.
Press: ? - help, v - describe, . - travel A transporter.
j - a scroll labelled ELAYKY UNICY
There is a transporter here.
You enter the transporter and appear at another place.
A quasit comes into view.
The quasit gives a chilling moan.
There is a transporter landing site here.
You hit NoScrollMutBadDesign's ghost but do no damage.
The quasit claws you.
You feel clumsy.
You hit NoScrollMutBadDesign's ghost but do no damage.
NoScrollMutBadDesign's ghost hits you.
You hit NoScrollMutBadDesign's ghost but do no damage.
You hit NoScrollMutBadDesign's ghost.
NoScrollMutBadDesign's ghost is lightly damaged.
NoScrollMutBadDesign's ghost hits you! The quasit claws you.
You hit NoScrollMutBadDesign's ghost but do no damage.
NoScrollMutBadDesign's ghost is lightly damaged.
You hit NoScrollMutBadDesign's ghost but do no damage.
NoScrollMutBadDesign's ghost is lightly damaged.
You sock NoScrollMutBadDesign's ghost!
NoScrollMutBadDesign's ghost is heavily damaged.
NoScrollMutBadDesign's ghost screams, "You must not succeed where I failed!"
NoScrollMutBadDesign's ghost hits you.
* * * LOW HITPOINT WARNING * * *
You hit NoScrollMutBadDesign's ghost.
NoScrollMutBadDesign's ghost is heavily damaged.
NoScrollMutBadDesign's ghost hits you!
* * * LOW HITPOINT WARNING * * *
You hit NoScrollMutBadDesign's ghost.
NoScrollMutBadDesign's ghost is severely damaged.
The quasit bites you.
You die...

#####..#
#<....##.##
#.##..#... ##
#.##.##..# ..#
#.##.# .. ..
#.##.# .#.##. #
#.#.##.##.#...#.#
#.......#$#W....##
#####..©#$=5@#...#
##..#..#55.#
#.##.....#.#
#.#..#.#...# #.#.
#.#...# #.# ..
...#. #.. ##.
.###.. ##. ## ##
..# # .#


You could see 3 quasits and NoScrollMutBadDesign's ghost.

Vanquished Creatures
  3 gnolls (D:2)
  A dart slug (D:1)
  A ball python (D:1)
  4 giant cockroaches
  3 goblins
  5 hobgoblins
  A quokka (D:2)
  2 bats (D:2)
  A frilled lizard (D:1)
  3 kobolds
  4 rats (D:1)
28 creatures vanquished.

Notes
Turn   | Place    | Note
-------+----------+-------------------------------------------
     0 | D:1      | Lathuz the Gargoyle Fighter began the quest for the Orb.
     0 | D:1      | Reached XP level 1. HP: 14/14 MP: 1/1
   160 | D:1      | Found Ojaur's One-of-a-Kind Rings.
   314 | D:1      | Found a faded altar of an unknown god.
   500 | D:1      | Reached XP level 2. HP: 18/19 MP: 2/2
  1431 | D:2      | Reached XP level 3. HP: 23/23 MP: 3/3
  1702 | D:2      | Reached XP level 4. HP: 23/28 MP: 4/4
  2351 | D:3      | Found a transporter.
  2351 | D:3      | Noticed NoScrollMutBadDesign's ghost (amateur GrFi)
  2371 | D:3      | HP: 1/28 [NoScrollMutBadDesign's ghost (11)]
  2372 | D:3      | Slain by a quasit

Illustrated notes

Levels and vault maps discovered:
D:1:      zaba_arrival_water, layout_basic, dreamdust_ecumenical_altar_grove,
          chequers_serial_rivers_micro_d, st_stairs_1,
          nicolae_shop_unique_rings, lemuel_flame_loot_1
D:2:      layout_basic, minmay_goblin_kobold_house
D:3:      layout_loops_ring, serial_shops, nicolae_diamond_shop,
          gammafunk_ghost_stat_death, cheibrodos_sewer_entry_sluice, uniq_ijyb,
          uniq_terence

Action                   |  1- 3 |  4- 6 || total
-------------------------+-------+-------++-------
Melee: Flail             |    80 |    10 ||    90
Throw: Stone             |    35 |       ||    35
Armor: Scale mail        |    48 |    66 ||   114
Dodge: Dodged            |    31 |    46 ||    77
Block: Buckler           |    12 |    15 ||    27
